[Event "Early-Titled-Tuesday-Blitz-April-23-2024"]
[Site "Chess.com"]
[Date "2024.04.23"]
[Round "5"]
[White "The_Sherman_Variation"]
[Black "Zhigalko_Sergei"]
[Result "1/2-1/2"]
[WhiteElo "2735"]
[BlackElo "2930"]
[TimeControl "180+1"]
[EndTime "8:59:17 PDT"]
[Termination "Game drawn by repetition"]

1. e4 c5 2. c3 Nf6 3. e5 Nd5 4. Nf3 Nc6 5. Bc4 Nb6 6. Bb3 g6 7. d4 cxd4 8. cxd4 Bg7 9. O-O O-O 10. Nc3 d5 11. Be3 Bg4 12. h3 Bxf3 13. Qxf3 e6 14. Nb5 a6 15. Nd6 f6 16. Qg4 Qe7 17. f4 Nc8 18. Nxc8 Raxc8 19. Rae1 f5 20. Qe2 Na5 21. Bc2 Qb4 22. Bd3 Nc4 23. Bxc4 Rxc4 24. b3 Rc6 25. Rc1 Rfc8 26. Qd3 Bf8 27. Rxc6 Rxc6 28.
Rc1 Rxc1+ 29. Bxc1 Qe1+ 30. Qf1 Qc3 31. Qd1 Bb4 32. Kh2 Ba5 33. Ba3 Bb6 34. Bc5 Bxc5 35.
dxc5 Qxc5 36. Qd3 Kf7 37. Qg3 Qe7 38. Qc3 Qd7 39. Qd4 h6 40. h4 Qe7 41. Kh3 Qc7 42.
Kh2 Qd7 43. Kh3 Ke8 44. Kh2 Qe7 45. Kh3 Qd7 46. Kh2 Kd8 47. Qb6+ Kc8 48. Qc5+ Kb8 49. Qf8+ Ka7 50. Qc5+ b6 51. Qd4 Kb7 52. Kh3 Qe7 53.
b4 Qd7 54. Kh2 Qc6 55. Qd1 Qc4 56. Qf3 Qxb4 57. Qg3 a5 58. Kh3 a4 59. Qxg6 Qxf4 60.
Qxe6 Qg4+ 61. Kh2 Qxh4+ 62. Kg1 Qe1+ 63. Kh2 Qh4+ 64. Kg1 Qd4+ 65. Kh2 Ka6 66. Qc8+ Kb5 67. Qd7+ Kb4 68. e6 Qh4+ 69. Kg1 Qe1+ 70. Kh2 Qh4+ 71. Kg1 Qd4+ 72. Kh2 Qe5+ 73. Kg1 Qe3+ 74. Kh2 Qf4+ 75.
Kg1 Qe3+ 76. Kh2 d4 77. e7 Qf4+ 78. Kg1 Qe3+ 79. Kh2 Qf4+ 80. Kg1 Qe3+ 81. Kh2 1/2-1/2

[Event "Early-Titled-Tuesday-Blitz-April-23-2024"]
[Site "Chess.com"]
[Date "2024.04.23"]
[Round "5"]
[White "ozates"]
[Black "Rsnr"]
[Result "0-1"]
[WhiteElo "2545"]
[BlackElo "2882"]
[TimeControl "180+1"]
[EndTime "8:59:17 PDT"]
[Termination "Rsnr won by resignation"]

1. e4 e5 2. Nf3 Nc6 3. Bc4 Bc5 4.
c3 Nf6 5. d3 h6 6. Nbd2 d6 7.
O-O a5 8. Re1 O-O 9. h3 Be6 10.
Bb5 Ne7 11. Nf1 Bb6 12. d4 c6 13. Bd3 Ng6 14. Ng3 Qc7 15. Bc2 Rad8 16. Be3 Rfe8 17. Qd2 Kh7 18. Rad1 Bxa2 19. b3 a4 20. bxa4 Ba5 21. Nf5 Ng8 22. Nh2 Be6 23. Ng4 exd4 24. Bxd4 Ne5 25. Qf4 f6 26. Qg3 Bxf5 27. exf5 Qf7 28.
f4 Nc4 29. Re6 d5 30. Rde1 Kh8 31. Qh4 Rf8 32. Nf2 Bc7 33. Nd3 Rfe8 34. g4 Nd6 35.
Nc5 b6 36. Rxe8 Rxe8 37. Ne6 c5 38. Be3 Nc4 39. g5 Nxe3 40. Rxe3 fxg5 41. fxg5 d4 42. Rf3 Be5 43. gxh6 Nxh6 44. cxd4 cxd4 45. Bd3 Qf6 46.
Ng5 Rc8 47. Qh5 Rc7 48. Ne4 Qf7 49. Qh4 Bf6 50. Qg3 Re7 51. Nd6 Qf8 52. Ne4 Be5 53.
Qh4 Bf6 54. Ng5 Bxg5 55. Qxg5 Qf6 56. Qg3 Qe5 57. Qf2 Ng8 58. Rf4 Nf6 59. Rh4+ Kg8 60. Rf4 Nd5 61. Re4 Qf6 62. Rxe7 Qxe7 63. Qxd4 Qg5+ 64.
Kf2 Nf4 65. Bc4+ Kh7 66. Qe4 Nxh3+ 67. Ke2 Nf4+ 68. Kf3 Nh5 69. f6+ Kh6 70. f7 Qf6+ 71.
Ke2 Ng3+ 72. Kd3 Nxe4 73. Kxe4 g5 74. Ke3 Qf4+ 75. Kd3 g4 76. Bd5 g3 77. Kc3 Kg7 78.
Kb3 Qd4 0-1

[Event "Early-Titled-Tuesday-Blitz-April-23-2024"]
[Site "Chess.com"]
[Date "2024.04.23"]
[Round "5"]
[White "MikeWizard"]
[Black "GlennTipton"]
[Result "1/2-1/2"]
[WhiteElo "2199"]
[BlackElo "2503"]
[TimeControl "180+1"]
[EndTime "8:59:20 PDT"]
[Termination "Game drawn - insufficient material"]

1. d4 Nf6 2. c4 c6 3. Nf3 d5 4.
Nc3 a6 5. cxd5 cxd5 6. Bg5 Ne4 7. Qb3 Nxg5 8. Nxg5 e6 9. h4 Nc6 10. e3 h6 11. Nf3 b5 12. Bd3 Bd7 13. Rc1 Bd6 14.
Bb1 Na5 15. Qc2 Rc8 16. Qd3 b4 17. Ne2 Bb5 18. Qd2 Bxe2 19. Kxe2 Ke7 20. b3 Qb6 21.
Rxc8 Rxc8 22. Rc1 Rxc1 23. Qxc1 Qc6 24. Qxc6 Nxc6 25. Bd3 a5 26. Kd2 Kd7 27. Kc2 Kc7 28. g3 Kb6 29. Kd2 Ne7 30. Ne5 Bxe5 31. dxe5 Kc7 32. Bb5 Kd8 33. Kd3 Nf5 34. Ke2 Ne7 35. g4 f6 36. exf6 gxf6 37. f4 Ng6 38. h5 Nf8 39. Kf3 Ke7 40. Ke2 Kd6 41. Kd3 Nh7 42. Be8 e5 43. Bg6 Nf8 44. Bf7 Nh7 45. Bg6 Nf8 46.
Bf7 Nd7 47. Bg6 Nc5+ 48. Ke2 Ke6 49. Be8 exf4 50. exf4 d4 51. Bg6 Kd5 52. Kd2 Ke6 53. Bh7 Kf7 54. Bf5 Kg7 55. Bg6 a4 56. bxa4 Nxa4 57.
Bf5 Nc5 58. Bc2 Kf8 59. Bg6 Ke7 60. Bf5 Kf7 61. Bg6+ Ke6 62. Bf5+ Kd5 63. g5 fxg5 64. fxg5 Ke5 65. gxh6 Kf6 66. h7 Kg7 67. h6+ Kh8 68. Bg6 Na4 69. Kd3 Nc3 70. Kxd4 Nxa2 71.
Kc4 Nc1 72. Bf5 Ne2 73. Kxb4 Nd4 74. Kc4 Nf3 75. Kd5 Ng5 76. Ke5 Nf7+ 77. Kf6 Nxh6 78. Ke7 Nxf5+ 79. Kf6 Ng3 80. Kf7 Nh5 81. Kf8 Kxh7 1/2-1/2

[Event "Early-Titled-Tuesday-Blitz-April-23-2024"]
[Site "Chess.com"]
[Date "2024.04.23"]
[Round "5"]
[White "MatyChess1"]
[Black "BardArtem"]
[Result "1-0"]
[WhiteElo "2686"]
[BlackElo "2852"]
[TimeControl "180+1"]
[EndTime "8:59:28 PDT"]
[Termination "MatyChess1 won by checkmate"]

1. Nf3 d5 2. g3 Nc6 3. d4 Bf5 4. Bg2 Nb4 5. Na3 e6 6. O-O Be7 7.
c3 Nc6 8. Qa4 Be4 9. Ne5 Bxg2 10. Nxc6 Qd7 11. Kxg2 Qxc6 12. Qxc6+ bxc6 13. Nc2 c5 14.
Bf4 cxd4 15. cxd4 Kd7 16. Rfc1 Nf6 17. Ne1 Rhc8 18. Nd3 Bd6 19. Rc2 Ne4 20. f3 Bxf4 21.
gxf4 Nd6 22. Kf2 f6 23. Rac1 c6 24. Nc5+ Ke7 25. Na6 Kd7 26. Nb4 Rab8 27. Nd3 Rb6 28. e3 g6 29. b3 Ke7 30. Ke2 Rc7 31. Nc5 Rc8 32. Kd3 Rbb8 33. Kd2 Rb6 34. Kd3 Rbb8 35. Na4 Kd7 36. Rc5 Rb5 37. R5c3 Rbb8 38. h3 Rc7 39.
R3c2 Rcc8 40. Rc3 Rc7 41. Nc5+ Ke7 42. Na6 Rcc8 43. Nxb8 Rxb8 44. Rxc6 Ne8 45. Rc8 Rb7 46. Ra8 Kd7 47. Rcc8 Nc7 48. Rab8 Rb6 49. Rxb6 Kxc8 50. Rc6 Kb7 51. Rc1 Kb6 52. h4 Nb5 53. h5 g5 54.
fxg5 fxg5 55. h6 Nd6 56. e4 dxe4+ 57. fxe4 Nf7 58. d5 exd5 59. exd5 Nxh6 60. d6 Nf7 61. d7 Ne5+ 62. Ke4 Nxd7 63. Kf5 h6 64. Rh1 Kb5 65. Rxh6 a5 66. Kxg5 Ne5 67. Kf5 Nd3 68. Ke4 Nc1 69. Rh2 Kb4 70. Rc2 Nxb3 71. axb3 Kxb3 72. Kd3 a4 73. Rc8 a3 74. Rb8+ Ka2 75. Ra8 Kb2 76.
Rb8+ Ka1 77. Kc3 Ka2 78. Ra8 Ka1 79. Rxa3+ Kb1 80. Ra4 Kc1 81. Ra1# 1-0

[Event "Early-Titled-Tuesday-Blitz-April-23-2024"]
[Site "Chess.com"]
[Date "2024.04.23"]
[Round "5"]
[White "KetiTsatsalashvili"]
[Black "NMChessToImpress"]
[Result "1/2-1/2"]
[WhiteElo "2413"]
[BlackElo "2232"]
[TimeControl "180+1"]
[EndTime "8:59:46 PDT"]
[Termination "Game drawn by repetition"]

1. d4 e6 2. c4 Nf6 3. g3 d5 4. Bg2 Be7 5. Nf3 O-O 6. O-O dxc4 7. Qc2 a6 8. a4 Bd7 9. Ne5 Nc6 10.
Qxc4 Nxe5 11. dxe5 Nd5 12. Nc3 c6 13. e4 Nb4 14. Rd1 Qc7 15. Bg5 Bxg5 16. Qxb4 a5 17. Qc4 Rfd8 18. f4 Be7 19. Kh1 Be8 20. h3 Rxd1+ 21. Rxd1 Rd8 22. Bf3 Rxd1+ 23. Nxd1 h6 24. Qd3 Qd7 25. Qxd7 Bxd7 26. Nc3 Bd8 27. Be2 Bb6 28. Kg2 Bd4 29. Kf3 c5 30. Bb5 Bxb5 31. Nxb5 Bxb2 32. Nd6 b6 33. Nc4 Bd4 34. Nxb6 Kf8 35.
Nc4 Bc3 36. f5 Ke7 37. g4 f6 38. exf6+ Kxf6 39. Kf4 e5+ 40. Ke3 Bd4+ 41. Kf3 Bc3 42. Nd6 Kg5 43. Ne8 Kh4 44. Nxg7 Kxh3 45. f6 c4 46. f7 Bb4 47. Ne6 c3 48. Ke2 Kxg4 49.
f8=Q Bxf8 50. Nxf8 Kf4 51. Kd3 c2 52. Kxc2 Kxe4 53.
Kc3 h5 54. Ng6 Kf5 55. Ne7+ Ke6 56. Ng6 Kf6 57. Nh4 Kg5 58. Nf3+ Kf4 59. Nh4 Kg4 60. Ng2 Kf3 61. Nh4+ Kf2 62. Kd3 Kg3 63. Ng6 Kg4 64. Nxe5+ Kf5 65. Nf3 Ke6 66. Kd4 Kd6 67. Kc4 Kc6 68.
Nh4 Kb6 69. Kd5 Ka6 70. Kc5 Kb7 71. Kb5 Ka7 72. Kxa5 Kb7 73. Kb5 Ka7 74. a5 Kb7 75. Kb4 Ka6 76. Ka4 Ka7 77. Kb5 Kb7 78. Nf5 Ka7 79.
Nd4 h4 80. Nc6+ Kb7 81. a6+ Ka8 82. Nd4 h3 83. Nf3 Kb8 84. Ka5 Ka7 85. Kb5 Ka8 86.
Kb6 Kb8 87. Nh2 Ka8 88. Ng4 Kb8 89. Nf2 h2 90. Nh1 Ka8 91. Kb5 Ka7 92. Ka5 Ka8 93. Kb6 Kb8 94. Ng3 Ka8 95. Nh1 Kb8 96. Nf2 Ka8 97. Kb5 Ka7 98. Ka5 Ka8 99. Ka4 Ka7 100. Kb5 Ka8 101. Nh1 Ka7 102. Ka5 Ka8 103. Kb6 1/2-1/2

[Event "Early-Titled-Tuesday-Blitz-April-23-2024"]
[Site "Chess.com"]
[Date "2024.04.23"]
[Round "5"]
[White "Oleksandr_Bortnyk"]
[Black "PeshkaCh"]
[Result "1-0"]
[WhiteElo "3109"]
[BlackElo "2878"]
[TimeControl "180+1"]
[EndTime "8:59:55 PDT"]
[Termination "Oleksandr_Bortnyk won by checkmate"]

1. e4 e5 2. Nf3 Nc6 3. Bb5 a6 4. Ba4 Nge7 5. c3 Ng6 6. O-O d5 7. d3 Be7 8. h3 O-O 9. Qe2 Kh8 10. Bb3 Be6 11. Re1 f5 12. exd5 Bxd5 13. Bxd5 Qxd5 14. c4 Qd7 15. Nc3 Rad8 16. Nd5 Bd6 17. Ng5 h6 18.
Qh5 Qe8 19. Nf3 Kg8 20. Be3 Nb4 21. Nxb4 Bxb4 22. Red1 Qe6 23. d4 e4 24. d5 Qf7 25. Nd4 f4 26. Bd2 Bxd2 27. Rxd2 Rfe8 28. Re1 Qf6 29. Qf5 e3 30. fxe3 fxe3 31. Rd3 Qh4 32. Rf1 Ne5 33. Ne6 Qg3 34. Rxe3 Qxe3+ 35. Kh2 Rxe6 36.
Qxe6+ Kh8 37. Rf5 Ng4+ 38. hxg4 Qd4 39. Qe5 Qxg4 40. Rf7 Qh4+ 41. Kg1 Qg4 42. Rxc7 Qd1+ 43. Kh2 Qg4 44. Re7 Qh4+ 45. Kg1 Rf8 46. Qe3 Qxc4 47. Re4 Qxd5 48. b3 Qd1+ 49. Kh2 Qh5+ 50. Kg1 Qd1+ 51.
Kh2 Qc2 52. Re7 Qb2 53. Rxb7 Qf6 54. Qg3 Re8 55. Rc7 Qd4 56. Rc4 Qf6 57. a4 Qe6 58. Rc7 Qf6 59. b4 Re5 60. Rc8+ Kh7 61. Rc5 Rf5 62.
Qd3 Qh4+ 63. Kg1 Qe1+ 64. Kh2 Qh4+ 65. Qh3 Qf4+ 66. Qg3 Qxg3+ 67. Kxg3 Rf6 68. b5 axb5 69. axb5 g5 70. Rc7+ Kg8 71. Rc6 Rf4 72. Rxh6 Rb4 73. Rg6+ Kf7 74. Rxg5 Kf6 75. Rc5 Rb2 76. Kh3 Ke6 77.
g4 Kd6 78. Rf5 Ke6 79. Kh4 Rh2+ 80. Kg5 Rb2 81. b6 Ke7 82. Rf6 Rb4 83. Rh6 Kf7 84.
Rc6 Ke7 85. Kf5 Kd7 86. Rf6 Ke7 87. g5 Rb5+ 88. Kg6 Kd7 89. b7 Ke8 90. Rf7 Rb6+ 91.
Kg7 Kd8 92. Rf8+ Ke7 93. b8=Q Rg6+ 94. Kxg6 Ke6 95. Rf6+ Ke7 96. Qd6+ Ke8 97. Rf8# 1-0

[Event "Early-Titled-Tuesday-Blitz-April-23-2024"]
[Site "Chess.com"]
[Date "2024.04.23"]
[Round "5"]
[White "GeorgiosSouleidis"]
[Black "kacperkarwowski"]
[Result "1/2-1/2"]
[WhiteElo "2661"]
[BlackElo "2510"]
[TimeControl "180+1"]
[EndTime "8:59:55 PDT"]
[Termination "Game drawn by repetition"]

1. e4 c5 2. Be2 Nc6 3. d3 g6 4. f4 Bg7 5. Nf3 d6 6. O-O Bg4 7. c3 Nf6 8. Be3 c4 9. h3 Bxf3 10.
Bxf3 cxd3 11. Qxd3 O-O 12. Nd2 Qc7 13. Rad1 b5 14.
Nb3 Rab8 15. a3 a5 16. Nd4 Nxd4 17. cxd4 Qc4 18. e5 Qxd3 19. Rxd3 Nd7 20. Rc1 Rfc8 21. Rdc3 Rxc3 22. Rxc3 Nb6 23. Rc7 Bf8 24. b3 e6 25. Bd2 a4 26. bxa4 bxa4 27. Bb4 d5 28. Bxf8 Kxf8 29. Ra7 Ra8 30. Rxa8+ Nxa8 31. Kf2 Ke7 32.
Ke3 Nb6 33. Be2 f6 34. Bb5 g5 35. g3 gxf4+ 36. gxf4 fxe5 37. fxe5 Kd8 38. Kd3 Kc7 39. Kc3 h5 40. h4 Nc8 41. Bxa4 Ne7 42. Be8 Nf5 43.
Bxh5 Nxh4 44. Bg4 Kd7 45. a4 Ng2 46. a5 Ne3 47. Be2 Kc7 48. Bd3 Nd1+ 49. Kb4 Nf2 50. Bg6 Nh3 51. Bf7 Nf4 52. Kc5 Nd3+ 53. Kb5 Nf4 54. a6 Ne2 55. Kc5 Nf4 56. Bg8 Nd3+ 57. Kb5 Nf4 58. a7 Kb7 59. a8=Q+ Kxa8 60. Kc6 Kb8 61. Kd6 Ne2 62. Kc5 Nf4 63. Kd6 Ne2 64. Bxe6 Nxd4 65. Bxd5 Nf5+ 66. Kd7 Nd4 67. Kd6 Nf5+ 68.
Kc5 Kc7 69. Be6 Ng7 70. Bg4 Kd8 71. Kd6 Ne8+ 72. Ke6 Nc7+ 73. Kf7 Nb5 74. e6 Nd6+ 75. Kf8 Nc8 76. Be2 Ne7 77. Ba6 Ng6+ 78. Kf7 Ne7 79. Bb7 Nf5 80. Be4 Ne7 81. Kf8 Nc8 82. Kf7 Nd6+ 83.
Kf8 Nc8 84. Bb7 Ne7 85. Kf7 Nf5 86. Bc6 Ne7 87. Be4 Nc8 88. Kf6 Ke8 89. Bc6+ Kd8 90. Bb7 Ne7 91. Ba6 Nd5+ 92. Kf7 Ne7 93. Bb7 1/2-1/2

[Event "Early-Titled-Tuesday-Blitz-April-23-2024"]
[Site "Chess.com"]
[Date "2024.04.23"]
[Round "5"]
[White "Keranke"]
[Black "Baku_Boulevard"]
[Result "1-0"]
[WhiteElo "2861"]
[BlackElo "3037"]
[TimeControl "180+1"]
[EndTime "8:59:57 PDT"]
[Termination "Keranke won by resignation"]

1. c4 c5 2. g3 g6 3. Bg2 Bg7 4. Nc3 Nc6 5. Nf3 e6 6. O-O Nge7 7. a3 O-O 8. d3 d5 9. Bd2 b6 10. Qc1 Bb7 11. Bh6 Qd7 12. Rd1 Rac8 13. cxd5 Nxd5 14. Ne4 f5 15. Bxg7 Qxg7 16. Nd6 Rcd8 17.
Nxb7 Qxb7 18. d4 cxd4 19. Nxd4 Nxd4 20. Rxd4 Qe7 21. Qc4 Nf6 22. Rad1 Rxd4 23. Rxd4 Kg7 24. Qc6 e5 25. Rd6 Rd8 26. Rxd8 Qxd8 27. Qb7+ Qd7 28. Qxd7+ Nxd7 29. Bc6 Nc5 30. f4 Kf6 31. Kf2 h6 32. Ke3 g5 33. Bd5 Ne6 34. fxe5+ Kxe5 35. Bxe6 Kxe6 36. Kd4 h5 37. e3 Kd6 38. a4 a6 39. b4 Ke6 40. a5 bxa5 41. bxa5 Kd6 42. h4 gxh4 43. gxh4 Ke6 44. Kc5 Ke5 45. Kb6 Ke4 46.
Kxa6 Kxe3 47. Kb6 f4 48. a6 f3 49. a7 f2 50. a8=Q f1=Q 51. Qe8+ Kf2 52. Qxh5 Qb1+ 53.
Kc6 Kg3 54. Qg5+ Kh3 55. h5 Qe4+ 56. Kd6 Qd4+ 57. Ke6 Qb6+ 58. Kf7 Qc7+ 59. Kg6 Qd6+ 60. Qf6 Qb8 61. Qe6+ Kh4 62. h6 Qb1+ 63. Kg7 Qg1+ 64. Qg6 Qa7+ 65. Qf7 Qg1+ 66. Kh7 Qb1+ 67. Qg6 Qb7+ 68.
Kg8 Qc8+ 69. Kg7 Qd7+ 70. Qf7 Qg4+ 71. Kf8 Qc8+ 72. Qe8 Qf5+ 73. Kg8 Qg5+ 74. Kh7 Qf5+ 75. Kg7 Qg5+ 76. Qg6 Qe7+ 77. Kg8 Qd8+ 78. Kf7 Qd7+ 79.
Kf8 Qd8+ 80. Kg7 Qe7+ 81. Qf7 Qg5+ 82. Kh7 Qc1 83. Qe7+ Kh5 84. Qe5+ Kh4 85. Kg6 Qc2+ 86. Kf7 Qc4+ 87. Qe6 Qc2 88. Qf6+ Kh3 89. Qf3+ Kh2 90. Qh5+ Kg1 91. Qg6+ Qxg6+ 92. Kxg6 1-0

[Event "Early-Titled-Tuesday-Blitz-April-23-2024"]
[Site "Chess.com"]
[Date "2024.04.23"]
[Round "5"]
[White "Mops_2004"]
[Black "RodTwinkz"]
[Result "1/2-1/2"]
[WhiteElo "2890"]
[BlackElo "2689"]
[TimeControl "180+1"]
[EndTime "9:00:03 PDT"]
[Termination "Game drawn - insufficient material"]

1. g3 Nf6 2. Bg2 g6 3. d4 Bg7 4. e4 O-O 5. Nc3 d6 6. Nf3 c6 7.
O-O Qc7 8. a4 a5 9. h3 Na6 10.
Bg5 h6 11. Be3 Nb4 12. Re1 e5 13. Qd2 Kh7 14. Rad1 b6 15. Qc1 Re8 16. Nd2 Ba6 17. dxe5 dxe5 18. Bf1 Bxf1 19. Kxf1 Bf8 20. Kg2 Nd7 21.
Nc4 Nc5 22. b3 Rad8 23. f3 f6 24. Bf2 Rxd1 25. Rxd1 Rd8 26. Rd2 Kg8 27. Qd1 Rxd2 28. Qxd2 Kf7 29. Qe2 Qd8 30. Nb1 h5 31. Qd2 Qxd2 32.
Nbxd2 Nxc2 33. Nxb6 Nd3 34. Nbc4 Bb4 35. Bb6 Nd4 36.
Bxa5 Bxa5 37. Nxa5 Nb4 38. Kf2 f5 39. Nac4 Ke6 40.
a5 f4 41. gxf4 exf4 42. h4 Kf6 43. Nd6 g5 44. hxg5+ Kxg5 45. e5 h4 46. Kg2 Ndc2 47. Kh3 Ne3 48. N2e4+ Kg6 49. Kxh4 Na6 50. Nc4 Nxc4 51.
bxc4 Kf5 52. c5 Kxe5 53. Kg5 Nc7 54. Kg4 Na6 55. Ng5 Kd5 56. Kxf4 Kxc5 57. Ke5 Kb5 58. f4 Nc5 59. f5 Nd7+ 60. Kd6 Nf6 61. a6 Kxa6 62.
Kxc6 Ka7 63. Ne6 Kb8 64. Kd6 Kc8 65. Ke7 Nd5+ 66. Kf8 Kd7 67. Nd4 Kd6 68. Nf3 Nf6 69.
Kg7 Ng4 70. Kg6 Ke7 71. Kg5 Nf6 72. Nh4 Ne4+ 73. Kg6 Nd6 74. f6+ Kf8 75. Nf3 Nf7 76. Nd4 Ne5+ 77. Kf5 Nf7 78. Ne6+ Kg8 79. Nc5 Nh6+ 80.
Ke6 Nf7 81. Ne4 Kf8 82. Ng3 Ng5+ 83. Kf5 Nf7 84. Nh5 Nh6+ 85. Kg6 Nf7 86. Ng7 Ne5+ 87. Kg5 Nd7 88. Ne6+ Kf7 89. Nd8+ Ke8 90. f7+ Ke7 91. Kg6 Ne5+ 92. Kg7 Nxf7 1/2-1/2

[Event "Early-Titled-Tuesday-Blitz-April-23-2024"]
[Site "Chess.com"]
[Date "2024.04.23"]
[Round "5"]
[White "xberli"]
[Black "MyDream003"]
[Result "0-1"]
[WhiteElo "2631"]
[BlackElo "2821"]
[TimeControl "180+1"]
[EndTime "9:00:05 PDT"]
[Termination "MyDream003 won by resignation"]

1. d4 Nf6 2. c4 e6 3. Nc3 Bb4 4.
a3 Bxc3+ 5. bxc3 c5 6. e3 O-O 7. Bd3 b6 8. Ne2 Ba6 9. O-O Nc6 10. Ng3 Na5 11. Qe2 Rc8 12. d5 Nb3 13. Rb1 Nxc1 14. Rbxc1 Re8 15. e4 d6 16. Qd2 Ng4 17. h3 Ne5 18. f4 Nxd3 19. Qxd3 exd5 20. Qxd5 Rc7 21. Rcd1 Rd7 22. Kh2 h6 23. e5 Bb7 24. Qd3 d5 25. cxd5 Rxd5 26. Qe2 Qc8 27. Rxd5 Bxd5 28. Rd1 Rd8 29. f5 Bc6 30. Rf1 Qd7 31. Rf2 Re8 32.
Qg4 Qd5 33. e6 f6 34. Nh5 Qe5+ 35. Kg1 Re7 36. Re2 Qxc3 37. Qf4 Kh7 38. Re3 Qa1+ 39. Kh2 Qb2 40. Rg3 Qd4 41. Qxd4 cxd4 42. Rd3 Be4 43.
Rxd4 Bxf5 44. Nf4 g5 45. Nd5 Rxe6 46. g4 Bg6 47. Nb4 Re7 48. Rd6 Kg7 49. Nd5 Rf7 50. Rd8 f5 51. Rd6 fxg4 52. hxg4 Rb7 53. Kg3 Rf7 54.
Ne3 Be4 55. Nc4 Rf3+ 56. Kh2 Rf2+ 57. Kg3 Rf3+ 58. Kh2 Rf4 59. Ne3 Rf7 60. Nc4 Rb7 61.
Ne5 b5 62. Nd7 a5 63. Nc5 Re7 64. Ne6+ Kf7 65. Nd8+ Kg7 66. Ne6+ Kf7 67. Nd8+ Ke8 68. Ne6 b4 69. axb4 axb4 70. Rb6 b3 71. Nc5 Bd5 72. Rb8+ Kf7 73. Nxb3 Re2+ 74. Kg3 Re3+ 75. Kf2 Rxb3 76.
Rd8 Be6 77. Rh8 Rb2+ 78. Kf3 Kg7 79. Re8 Rb3+ 80. Ke4 Bf7 81. Re7 Rb4+ 82. Kf3 Rb5 83. Rc7 Rb6 84. Rc5 Rf6+ 85. Ke3 Kg6 86. Ra5 Be6 87.
Kd3 Bxg4 88. Ke3 Be6 89. Ra8 h5 90. Rh8 h4 0-1

[Event "Early-Titled-Tuesday-Blitz-April-23-2024"]
[Site "Chess.com"]
[Date "2024.04.23"]
[Round "5"]
[White "gpsji27"]
[Black "hakanazeri2"]
[Result "1/2-1/2"]
[WhiteElo "2326"]
[BlackElo "2532"]
[TimeControl "180+1"]
[EndTime "9:00:10 PDT"]
[Termination "Game drawn - insufficient material"]

1. d4 Nf6 2. Nf3 d5 3. Bg5 Nbd7 4. Be3 c5 5. Bg5 cxd4 6. Nxd4 h6 7. Bh4 e5 8. Nb3 Be7 9. e3 O-O 10. Nc3 Nb6 11. Be2 Be6 12. O-O Nc4 13. Bxc4 dxc4 14.
Nd2 a6 15. f4 exf4 16. exf4 Qb6+ 17. Kh1 Qxb2 18. Nce4 Rad8 19. Nxf6+ Bxf6 20. Rb1 Qd4 21. Bxf6 Qxf6 22. Ne4 Qd4 23. Qxd4 Rxd4 24. Nc5 b5 25. Nxa6 Rd2 26. Rxb5 c3 27. Rc5 Bd5 28. Rg1 Re8 29. Nb4 Ba8 30. h3 Ree2 31. Rc8+ Kh7 32. Rxa8 Re4 33. Rb8 Rxf4 34. a4 Rdd4 35. Rb1 Rf5 36. Ra8 h5 37. a5 Rb5 38. a6 Rdxb4 39. Ra1 Rb1+ 40. Rxb1 Rxb1+ 41. Kh2 Rb2 42. a7 Ra2 43. Kg3 g5 44. h4 f6 45. hxg5 fxg5 46. Kf3 Kg7 47.
Ke4 Ra5 48. Kd3 Ra3 49. Kc4 g4 50. Kb4 Ra1 51. Kxc3 h4 52. Kb2 Ra6 53. Rb8 Rxa7 54. Rb4 Kh6 55. Rxg4 Kh5 56. Rg8 Rb7+ 57. Kc3 Rc7+ 58.
Kd3 Rd7+ 59. Ke4 Re7+ 60. Kf5 Rf7+ 61. Ke6 Rc7 62. Kf5 Rc5+ 63. Kf6 Rxc2 64. g4+ hxg3 65. Rxg3 Rf2+ 66. Ke5 Rf8 67. Rh3+ Kg5 68. Ra3 Re8+ 69. Kd4 Kf4 70. Ra7 Rd8+ 71. Kc4 Ke5 72. Re7+ Kd6 73. Re1 Rh8 74. Rd1+ Kc6 75. Re1 Rh4+ 76. Kd3 Kd5 77. Rf1 Rh3+ 78. Ke2 Ke4 79. Rf2 Rh1 80. Rg2 Kf4 81.
Rf2+ Ke4 82. Rg2 Rh4 83. Rg3 Rh2+ 84. Kf1 Ra2 85. Rb3 Rc2 86. Rg3 Kf4 87. Rb3 Rc4 88. Rd3 Re4 89. Ra3 Ke5 90. Ra5+ Kf4 91. Ra3 Rd4 92.
Kf2 Rb4 93. Rc3 Rb2+ 94. Kf1 Ke4 95. Ra3 Kd4 96. Rh3 Kc4 97. Rg3 Rb3 98. Rxb3 Kxb3 1/2-1/2

[Event "Early-Titled-Tuesday-Blitz-April-23-2024"]
[Site "Chess.com"]
[Date "2024.04.23"]
[Round "5"]
[White "Aslanov_Umid"]
[Black "ATM622"]
[Result "0-1"]
[WhiteElo "2632"]
[BlackElo "2503"]
[TimeControl "180+1"]
[EndTime "9:00:51 PDT"]
[Termination "ATM622 won by checkmate"]

1. e4 c6 2. d4 d5 3. Nd2 dxe4 4. Nxe4 Nf6 5. Nxf6+ exf6 6. c3 Bd6 7. Bd3 O-O 8. Qc2 Re8+ 9. Ne2 h6 10. O-O Nd7 11.
Bf4 Nf8 12. Bxd6 Qxd6 13. Rfe1 Bg4 14. Ng3 Rad8 15. f3 Bc8 16. Rad1 Rxe1+ 17. Rxe1 c5 18. Ne4 Qd5 19. Nxc5 Qxa2 20. Qe2 Qd5 21. Qe7 Ne6 22. Nxe6 Bxe6 23. Be4 Qd7 24. Qc5 b6 25.
Qh5 f5 26. Bd3 Kh7 27. Qh4 Kg8 28. Re5 a5 29. d5 Bxd5 30. Bxf5 Qd6 31. Qd4 Qc5 32.
Qxc5 bxc5 33. Kf2 g6 34. Bc2 Be6 35. Ke3 Rb8 36. Rxc5 Rxb2 37. Be4 Rxg2 38. Rxa5 Rxh2 39. Kd3 Rh1 40. c4 Rc1 41. c5 f5 42. Bb7 Kf7 43. c6 Ke7 44. Ra8 Bd5 45. Kd2 Rc5 46. Rh8 Bxc6 47.
Bxc6 Rxc6 48. Rxh6 Kf6 49. f4 Re6 50. Rh3 Re4 51. Rh4 Kg7 52. Kd3 Kg8 53. Kd2 Kg7 54. Kd3 Kf7 55. Kd2 Ke6 56. Kd3 Kd5 57. Rh6 Re6 58.
Rh4 Kc5 59. Rh6 Kb4 60. Kd2 Kc4 61. Rh8 Kd4 62. Rh1 Rd6 63. Re1 Kc4+ 64. Kc2 Rc6 65. Kd2 Kd4 66. Rg1 Ke4 67. Rf1 Rd6+ 68. Ke2 Ra6 69. Kd2 Ra2+ 70. Kc3 Rg2 71. Kc4 Rg4 72. Kc3 Rxf4 73. Rg1 Rg4 74. Re1+ Kf4 75. Kd3 Rg3+ 76. Kd2 Rg2+ 77. Kd3 Rg3+ 78. Kd2 g5 79. Rf1+ Rf3 80. Rg1 g4 81. Ke2 Re3+ 82. Kf2 Ra3 83. Rd1 Ra2+ 84. Kf1 Ke3 85. Rb1 f4 86. Rb3+ Ke4 87. Rb4+ Kf5 88. Rb5+ Kf6 89. Kg1 g3 90. Rb3 Kf5 91. Kf1 Kg4 92. Rb8 Ra1+ 93. Ke2 f3+ 94. Ke3 f2 95. Rg8+ Kh5 96. Rh8+ Kg6 97. Rg8+ Kh7 98. Rxg3 f1=N+ 99. Ke4 Nxg3+ 100. Kd3 Nf5 101. Kc2 Re1 102. Kb2 Re5 103. Kc3 Kg6 104. Kc4 Kf6 105. Kb4 Ke6 106.
Kc4 Kd6 107. Kb4 Rc5 108. Ka4 Kd5 109. Kb4 Kd4 110. Kb3 Rc4 111. Ka3 Kc3 112. Ka2 Rb4 113. Ka3 Nd4 114. Ka2 Rb8 115. Ka3 Ra8# 0-1

[Event "Early-Titled-Tuesday-Blitz-April-23-2024"]
[Site "Chess.com"]
[Date "2024.04.23"]
[Round "5"]
[White "wild3000"]
[Black "Grossboss19"]
[Result "1-0"]
[WhiteElo "2492"]
[BlackElo "2615"]
[TimeControl "180+1"]
[EndTime "9:00:53 PDT"]
[Termination "wild3000 won on time"]

1. d4 d5 2. Nf3 c6 3. c4 e6 4. Nc3 Nf6 5. e3 a6 6. Be2 b5 7.
cxd5 exd5 8. O-O Bd6 9. Ne5 O-O 10. f4 Nfd7 11. Bd3 f5 12. a4 Nf6 13. axb5 cxb5 14. Nxb5 Ne4 15. Nxd6 Qxd6 16. Bxe4 fxe4 17. b3 Rd8 18. Ba3 Qb6 19. Qh5 g6 20. Qg5 Nd7 21. Qe7 Nxe5 22. fxe5 Bf5 23. g4 Re8 24. Qg5 Bd7 25.
Bd6 Re6 26. Qf4 Qd8 27. Qf7+ Kh8 28. Rf6 Qe8 29. Qxe8+ Raxe8 30. Rxa6 Rc8 31. Rxe6 Bxe6 32. h3 h5 33. Bc5 Re8 34. gxh5 gxh5 35. Kh2 Kg7 36.
b4 Kg6 37. b5 Kf5 38. b6 h4 39. Ra2 Rb8 40. Rf2+ Kg5 41. Be7+ Kh5 42. Bc5 Kg5 43. Rf6 Bc8 44. Be7 Kh5 45. e6 Rxb6 46. Rf5+ Kg6 47. Rf6+ Kh5 48. Rf2 Bxe6 49. Bc5 Rc6 50. Kg2 Kg5 51.
Rf4 Bf5 52. Be7+ Kg6 53. Bxh4 Rc2+ 54. Kg1 Rc1+ 55. Kh2 Rc2+ 56. Bf2 Kg5 57. Kg3 Be6 58.
h4+ Kg6 59. h5+ Kxh5 60. Rf6 Bg8 61. Rf8 Be6 62. Rf6 Bc8 63. Rf8 Kg5 64. Rd8 Bb7 65. Rd7 Ba8 66. Rg7+ Kf6 67. Rg8 Bb7 68. Rh8 Ke6 69.
Rh6+ Kd7 70. Bg1 Rc1 71. Bf2 Bc6 72. Rh7+ Kd6 73. Kf4 Rf1 74. Rh6+ Kc7 75. Kg3 Kb6 76. Kg2 Rc1 77. Rd6 Kb5 78. Kg3 Rc2 79. Kg2 Kb4 80. Rd8 Rc4 81. Rb8+ Kc3 82. Rb1 Kd2 83. Rb2+ Kd3 84.
Ra2 Rb4 85. Ra3+ Kc4 86. Ra6 Bb5 87. Ra1 Kd3 88. Rd1+ Kc2 89. Ra1 Bc4 90. Rh1 Rb7 91.
Rh4 Rg7+ 92. Kh2 Kd1 93. Bg3 Ke2 94. Bf4 Kf3 95. Rh3+ Kf2 96. Rg3 Rh7+ 97. Rh3 Rf7 98. Rg3 Bf1 99. Rg6 Rh7+ 100. Rh6 Rg7 101. Kh1 Bg2+ 102. Kh2 Bf3 103. Kh3 Rg1 104. Kh4 Kg2 105. Kg5 Rc1 106.
Rh2+ Kf1 107. Kf6 Ke1 108. Ke5 1-0

[Event "Early-Titled-Tuesday-Blitz-April-23-2024"]
[Site "Chess.com"]
[Date "2024.04.23"]
[Round "6"]
[White "LeoLV10"]
[Black "gpsji27"]
[Result "1-0"]
[WhiteElo "2504"]
[BlackElo "2322"]
[TimeControl "180+1"]
[EndTime "9:03:17 PDT"]
[Termination "LeoLV10 won by resignation"]

1. e4 e5 2. Nf3 Nc6 3. Bb5 a6 4. Ba4 Nf6 5. O-O Be7 6. c3 Nxe4 7. Re1 Nc5 8. Nxe5 Nxe5 9. Rxe5 O-O 10. Bc2 d6 11. Re1 Be6 12. d4 Nd7 13. d5 Ne5 14.
dxe6 fxe6 15. Be3 Bg5 16. Nd2 Qf6 17. Ne4 1-0

[Event "Early-Titled-Tuesday-Blitz-April-23-2024"]
[Site "Chess.com"]
[Date "2024.04.23"]
[Round "6"]
[White "2L8IWUN"]
[Black "Heinza9"]
[Result "0-1"]
[WhiteElo "2075"]
[BlackElo "2319"]
[TimeControl "180+1"]
[EndTime "9:03:56 PDT"]
[Termination "Heinza9 won by resignation"]

1. d4 f5 2. Nf3 Nf6 3. g3 g6 4. Bg2 Bg7 5. O-O O-O 6. c4 d6 7. Nc3 Qe8 8. b3 c6 9. Bb2 e5 10. dxe5 dxe5 11. Qd6 e4 12. Nd4 Rf7 13. Qb4 Na6 14.
Qa3 Bf8 15. Qa4 Nc5 16. Qa5 b6 17. Qa3 Ne6 0-1

[Event "Early-Titled-Tuesday-Blitz-April-23-2024"]
[Site "Chess.com"]
[Date "2024.04.23"]
[Round "6"]
[White "levallem"]
[Black "shirovin"]
[Result "1-0"]
[WhiteElo "2318"]
[BlackElo "2057"]
[TimeControl "180+1"]
[EndTime "9:04:13 PDT"]
[Termination "levallem won by resignation"]

1. d4 f5 2. g4 fxg4 3. h3 g3 4. fxg3 Nf6 5. Bg2 d5 6. Nf3 e6 7.
Bf4 Bd6 8. e3 Ne4 9. Ne5 O-O 10.
Bxe4 dxe4 11. Nd2 g5 12. Qg4 Be7 13. h4 Kh8 14. hxg5 Rg8 15. Nf7+ 1-0